[Event "ICC tourney 2721 (40 10)"]
[Site "Internet Chess Club"]
[Date "2021.10.30"]
[Round "1"]
[White "WILLY, STEPHEN:stephenwilly"]
[Black "Liao, Connor:che2468"]
[Result "1-0"]
[ICCResult "Black checkmated"]
[WhiteElo "1685"]
[BlackElo "1452"]
[Opening "Sicilian: Alapin's variation (2.c3)"]
[ECO "B22"]
[NIC "SI.46"]
[Time "11:00:24"]
[PlyCount "63"]
[TimeControl "2400+10"]

1. e4 c5 2. c3 Nf6 3. e5 Nd5 4. d4 e6 5. Nf3 Nc6 6. c4 Nb6 7. d5 exd5 8.
cxd5 Ne7 9. d6 Nc6 10. Nc3 h6 11. Nb5 Nd5 12. Qxd5 Qa5+ 13. Bd2 Nb4 14. Qxc5
Na6 15. Bxa5 Nxc5 16. Nc7+ Kd8 17. Nxa8+ Ke8 18. Nc7+ Kd8 19. Ne6+ Ke8 20.
Nxc5 b6 21. Ba6 Bxa6 22. Nxa6 bxa5 23. Rc1 f6 24. Rc7 f5 25. Nd4 g6 26. e6
dxe6 27. d7+ Ke7 28. Nc6+ Kf7 29. d8=Q+ Kg8 30. Ne7+ Kf7 31. Nxf5+ Kg8 32.
Rg7# {Black checkmated} 1-0

[Event "ICC tourney 2721 (40 10)"]
[Site "Internet Chess Club"]
[Date "2021.10.30"]
[Round "1"]
[White "XU, JOEY:JoeyXu"]
[Black "KUSHWAHA, SOUMIL:SK-2005"]
[Result "1-0"]
[ICCResult "Black resigns"]
[WhiteElo "1391"]
[BlackElo "1668"]
[Opening "Scotch gambit: Dubois-Réti defense"]
[ECO "C55"]
[NIC "KP.02"]
[Time "11:00:21"]
[PlyCount "45"]
[TimeControl "2400+10"]

1. e4 e5 2. Nf3 Nc6 3. d4 exd4 4. Bc4 Nf6 5. e5 Ng4 6. O-O d5 7. Bb5 Bd7 8.
Nxd4 Ngxe5 9. Re1 Be7 10. Nc3 Nxd4 11. Qxd4 c6 12. Qxe5 cxb5 13. Nxd5 Be6
14. Nc7+ Kf8 15. Nxa8 Qxa8 16. Bf4 Bf6 17. Qxb5 a6 18. Qb4+ Kg8 19. Rad1 h6
20. Qe4 Bxb2 21. Rb1 Bc3 22. Red1 Bxa2 23. Rxb7 {Black resigns} 1-0

[Event "ICC tourney 2721 (40 10)"]
[Site "Internet Chess Club"]
[Date "2021.10.30"]
[Round "1"]
[White "GAUDEAU, ALAIN D H:attalone"]
[Black "WU, WINSTON:K01-30022609"]
[Result "1-0"]
[ICCResult "Black checkmated"]
[WhiteElo "1650"]
[BlackElo "1336"]
[Opening "QGD: Neo-orthodox variation, 7.Bh4"]
[ECO "D56"]
[NIC "QP.08"]
[Time "11:00:34"]
[PlyCount "95"]
[TimeControl "2400+10"]

1. d4 d5 2. c4 e6 3. Nc3 Be7 4. Nf3 Nf6 5. Bg5 h6 6. Bh4 O-O 7. e3 Nbd7 8.
cxd5 exd5 9. Bd3 c6 10. Qc2 Qc7 11. O-O b6 12. e4 dxe4 13. Nxe4 Bb7 14. Rac1
Rfe8 15. Bg3 Qd8 16. Rfe1 Nxe4 17. Bxe4 Rc8 18. Rcd1 Nf6 19. Bd3 c5 20. Bb5
Rf8 21. Qe2 Bxf3 22. gxf3 Bd6 23. dxc5 Bxg3 24. Rxd8 Bxh2+ 25. Kxh2 Rfxd8
26. cxb6 axb6 27. a4 Rc5 28. Rd1 Rdc8 29. Kg2 Rg5+ 30. Kf1 Rcc5 31. Qe7 Nd5
32. Qe8+ Kh7 33. Qxf7 Nb4 34. Qf4 Nc6 35. Bd3+ Rg6 36. Bxg6+ Kxg6 37. Rd6+
Kh7 38. Qe4+ Kg8 39. Rxc6 Rxc6 40. Qxc6 g6 41. Qxg6+ Kf8 42. Qxh6+ Kf7 43.
Qxb6 Ke7 44. a5 Kd7 45. a6 Kc8 46. Qb7+ Kd8 47. a7 Ke8 48. a8=Q#
{Black checkmated}
1-0

[Event "ICC tourney 2721 (40 10)"]
[Site "Internet Chess Club"]
[Date "2021.10.30"]
[Round "1"]
[White "BAYYARAPU, MOHIT SREEJAN:mohitbayyarapu"]
[Black "QI, JENNY:eevee11"]
[Result "1-0"]
[ICCResult "Black checkmated"]
[WhiteElo "1670"]
[BlackElo "1394"]
[Opening "Giuoco Piano"]
[ECO "C54"]
[NIC "IG.02"]
[Time "11:00:23"]
[PlyCount "69"]
[TimeControl "2400+10"]

1. e4 e5 2. Nf3 Nc6 3. Bc4 Bc5 4. c3 Nf6 5. d3 O-O 6. O-O a6 7. Bb3 d5 8.
exd5 Nxd5 9. Re1 Re8 10. Bg5 Qd6 11. d4 Bb6 12. dxe5 Qc5 13. Qxd5 Qxf2+ 14.
Kh1 Be6 15. Qd2 Bxb3 16. axb3 Re6 17. Qxf2 Bxf2 18. Re2 Bb6 19. Nbd2 Rae8
20. Rae1 f6 21. Bf4 g5 22. Bg3 g4 23. Nh4 fxe5 24. Ne4 Na5 25. Ng5 R6e7 26.
Nf5 Rd7 27. Bxe5 Nc6 28. Nh6+ Kf8 29. Bd6+ Kg7 30. Rxe8 Kxh6 31. Bf4 Kh5 32.
Rh8 Kg6 33. Re6+ Kf5 34. Rf8+ Rf7 35. Rxf7# {Black checkmated} 1-0

[Event "ICC tourney 2721 (40 10)"]
[Site "Internet Chess Club"]
[Date "2021.10.30"]
[Round "1"]
[White "LIU, PATRICK PEIJUN:JunlinTheWorld"]
[Black "GILLMAN, JONES:JonesGill"]
[Result "1-0"]
[ICCResult "Black checkmated"]
[WhiteElo "1787"]
[BlackElo "1483"]
[Opening "QGD: semi-Slav"]
[ECO "D10"]
[NIC "SL.06"]
[Time "11:01:03"]
[PlyCount "103"]
[TimeControl "2400+10"]

1. d4 d5 2. c4 c6 3. Nc3 e6 4. g3 Nf6 5. Bg2 Bd6 6. Nf3 Nbd7 7. O-O O-O 8.
b3 Ne4 9. Nxe4 dxe4 10. Ng5 Nf6 11. Bb2 e3 12. Qd3 h6 13. Ne4 Nxe4 14. Qxe4
exf2+ 15. Rxf2 f5 16. Qe3 Bd7 17. Qc3 Be7 18. Raf1 Bf6 19. Qd3 Be8 20. e4
Bg6 21. e5 Be7 22. Kh1 Qd7 23. d5 cxd5 24. cxd5 Bh7 25. Qd4 Rfd8 26. Rd1
Rac8 27. d6 Bf8 28. Qxa7 Ra8 29. Qxb7 Qxb7 30. Bxb7 Rxa2 31. Bd4 Ra3 32. Bb6
Rb8 33. d7 Be7 34. d8=Q+ Bxd8 35. Rxd8+ Rxd8 36. Bxd8 Rxb3 37. Bc8 Rb1+ 38.
Kg2 Kf7 39. Rd2 f4 40. gxf4 Be4+ 41. Kf2 Bd5 42. f5 Rb3 43. Rxd5 exd5 44.
e6+ Ke8 45. Bh4 Rb2+ 46. Ke3 Rb3+ 47. Kd2 g5 48. fxg6 Rb2+ 49. Kc3 Rb7 50.
Bxb7 Kf8 51. e7+ Ke8 52. Bc6# {Black checkmated} 1-0

[Event "ICC tourney 2721 (40 10)"]
[Site "Internet Chess Club"]
[Date "2021.10.30"]
[Round "1"]
[White "ZHUGE, KATHERINE:FlowingMelody"]
[Black "RAVIND G N, RICNESH:RickyCarlsen"]
[Result "0-1"]
[ICCResult "White resigns"]
[WhiteElo "1453"]
[BlackElo "1700"]
[Opening "French: Rubinstein variation"]
[ECO "C03"]
[NIC "FR.07"]
[Time "11:00:19"]
[PlyCount "96"]
[TimeControl "2400+10"]

1. e4 e6 2. d4 d5 3. Nd2 dxe4 4. Nxe4 Nd7 5. Nf3 Ngf6 6. Nxf6+ Nxf6 7. c3 c5
8. Be2 Be7 9. O-O O-O 10. dxc5 Bxc5 11. Qc2 b6 12. Bg5 Bb7 13. Rad1 Qc7 14.
Bd3 Bxf3 15. gxf3 Kh8 16. Bxf6 gxf6 17. Kh1 Qf4 18. Be4 Bd6 19. Rxd6 Qxd6
20. Bxa8 Rxa8 21. Qe4 Rg8 22. Rg1 Rg6 23. Rxg6 hxg6 24. Qa8+ Kg7 25. Qxa7
Qc5 26. Kg2 Qg5+ 27. Kf1 Qc1+ 28. Kg2 Qxb2 29. c4 Qd4 30. a3 f5 31. Qc7 e5
32. Qc6 e4 33. fxe4 fxe4 34. a4 e3 35. fxe3 Qxe3 36. Qb5 f5 37. Qd7+ Kh6 38.
Qd5 Qe2+ 39. Kg3 Qg4+ 40. Kf2 Qf4+ 41. Kg2 Qe3 42. Qb5 f4 43. Qc6 Qe2+ 44.
Kh3 f3 45. Kg3 f2 46. Qf6 f1=Q 47. Qh8+ Kg5 48. Qh4+ Kf5 {White resigns} 0-1

[Event "ICC tourney 2721 (40 10)"]
[Site "Internet Chess Club"]
[Date "2021.10.30"]
[Round "1"]
[White "Green II, Eric Melvin Herbert:ChessEric"]
[Black "SZERENCSY, IAN:iszerencsy"]
[Result "0-1"]
[ICCResult "White resigns"]
[WhiteElo "1397"]
[BlackElo "1672"]
[Opening "Sicilian defense"]
[ECO "B44"]
[NIC "SI.39"]
[Time "11:00:59"]
[PlyCount "76"]
[TimeControl "2400+10"]

1. e4 c5 2. Nf3 e6 3. d4 cxd4 4. Nxd4 Nc6 5. f3 Bc5 6. Nb3 Bb6 7. c4 d6 8.
Nc3 a6 9. a3 Ba7 10. Bf4 Qb6 11. Bg3 Nge7 12. Na4 Qe3+ 13. Be2 d5 14. cxd5
exd5 15. Qd3 Qh6 16. exd5 Bf5 17. Qd2 Be3 18. Qd1 Rd8 19. Nc3 Be6 20. d6 Nf5
21. Bf2 Rxd6 22. Qc2 Bxf2+ 23. Kxf2 Qe3+ 24. Ke1 O-O 25. Ne4 Bxb3 26. Qc3
Qxc3+ 27. bxc3 Rg6 28. g4 Ne3 29. Rb1 Na5 30. Nc5 Bc2 31. Rb2 b5 32. Kd2 Re8
33. Ne4 Bxe4 34. Kxe3 Bd5+ 35. Kd4 Bc4 36. Bxc4 Nxc4 37. Rb3 Rd6+ 38. Kc5
Rc8+ {White resigns} 0-1

[Event "ICC tourney 2721 (40 10)"]
[Site "Internet Chess Club"]
[Date "2021.10.30"]
[Round "1"]
[White "XIA, JOSHUA:MathMonkey"]
[Black "Fong, Kevin:kleong12"]
[Result "0-1"]
[ICCResult "White checkmated"]
[WhiteElo "1472"]
[BlackElo "1759"]
[Opening "Sicilian: Pelikan, Chelyabinsk variation"]
[ECO "B33"]
[NIC "SI.37"]
[Time "11:00:18"]
[PlyCount "70"]
[TimeControl "2400+10"]

1. e4 c5 2. Nf3 Nc6 3. d4 cxd4 4. Nxd4 Nf6 5. Nc3 e5 6. Ndb5 d6 7. Bg5 a6 8.
Na3 b5 9. Nd5 Be7 10. Bxf6 Bxf6 11. c3 O-O 12. Nc2 Rb8 13. Be2 Bg5 14. O-O
Kh8 15. Bg4 g6 16. Nce3 f5 17. exf5 gxf5 18. Bh5 f4 19. Ng4 Be6 20. f3 Bh4
21. Qd2 Rf5 22. Ngf6 Bxd5 23. Qxd5 Qb6+ 24. Kh1 Rxf6 25. Rg1 Ne7 26. Qe4 Bf2
27. Rgf1 Be3 28. Rad1 Qc6 29. Rd3 Qxe4 30. fxe4 Rh6 31. Bf3 Rb6 32. b4 d5
33. exd5 Rxh2+ 34. Kxh2 Rh6+ 35. Bh5 Rxh5# {White checkmated} 0-1

[Event "ICC tourney 2721 (40 10)"]
[Site "Internet Chess Club"]
[Date "2021.10.30"]
[Round "1"]
[White "THAIN, JACK:jt1819"]
[Black "DESAI, KATHAN:kd9junior"]
[Result "1-0"]
[ICCResult "Black resigns"]
[WhiteElo "1719"]
[BlackElo "1469"]
[Opening "Sicilian: Grand Prix attack"]
[ECO "B21"]
[NIC "SI.48"]
[Time "11:00:22"]
[PlyCount "101"]
[TimeControl "2400+10"]

1. e4 c5 2. f4 e6 3. Nc3 Nc6 4. Nf3 d5 5. Bb5 d4 6. Bxc6+ bxc6 7. Ne2 d3 8.
cxd3 Qxd3 9. Nc3 Nf6 10. Ne5 Qd6 11. O-O Ba6 12. Rf2 Nd7 13. Qa4 Bb7 14. Nc4
Qd4 15. Na5 Qxa4 16. Nxa4 Ba6 17. b3 Bb5 18. Nc3 Bd6 19. Bb2 Bc7 20. Nc4 Nb6
21. d3 O-O 22. Kf1 Rfd8 23. Ke2 Bxc4 24. dxc4 Rd7 25. Rff1 Rad8 26. Rad1 Nc8
27. Rxd7 Rxd7 28. g3 Ne7 29. Na4 Bb6 30. Rd1 Rxd1 31. Kxd1 Nc8 32. e5 Ne7
33. Ba3 Nf5 34. Bxc5 Bxc5 35. Nxc5 Nd4 36. b4 Kf8 37. a4 Ke7 38. Kc1 Kd8 39.
Kb2 Kc7 40. a5 h5 41. Ne4 Nf3 42. h4 Nd4 43. Kc3 Nf5 44. b5 cxb5 45. cxb5
Kd7 46. Kc4 Kc7 47. Kc5 Kb7 48. Nd6+ Nxd6 49. Kxd6 Kc8 50. Ke7 Kc7 51. Kxf7
{Black resigns}
1-0

[Event "ICC tourney 2721 (40 10)"]
[Site "Internet Chess Club"]
[Date "2021.10.30"]
[Round "1"]
[White "WU, WENTAO:Threehundreds"]
[Black "VALE CRUZ, ARMIN:trucker"]
[Result "1-0"]
[ICCResult "Black forfeits on time"]
[WhiteElo "1466"]
[BlackElo "1701"]
[Opening "Pirc: classical (two knights) system"]
[ECO "B08"]
[NIC "PU.10"]
[Time "11:00:23"]
[PlyCount "105"]
[TimeControl "2400+10"]

1. e4 d6 2. d4 Nf6 3. Nc3 g6 4. Nf3 Bg7 5. Bf4 c6 6. Be2 O-O 7. Qd2 b5 8. a3
Bb7 9. h4 a5 10. Bh6 b4 11. Bxg7 bxc3 12. Qh6 Re8 13. Bxf6 exf6 14. bxc3
Rxe4 15. Kd2 Ba6 16. Bd3 Bxd3 17. cxd3 Re6 18. Rab1 Nd7 19. g4 Rb8 20. g5
Qe8 21. Rxb8 Qxb8 22. Kc2 Re2+ 23. Nd2 Qf8 24. Qxf8+ Kxf8 25. Rh2 d5 26. Kd1
Re8 27. Rh1 a4 28. Nf3 Rb8 29. Kc2 Rb3 30. Ra1 Ke7 31. Nd2 Rb8 32. Re1+ Kf8
33. f4 fxg5 34. hxg5 Re8 35. Rxe8+ Kxe8 36. c4 Ke7 37. Nf3 Ke6 38. Nh4 f6
39. Kc3 fxg5 40. fxg5 c5 41. dxc5 Nxc5 42. Kd4 Nb3+ 43. Kc3 d4+ 44. Kb4 Kd6
45. Kxa4 Nc5+ 46. Kb5 Nxd3 47. Nf3 Nc5 48. Nxd4 Ne4 49. Nf3 Nc3+ 50. Kb4 Ne4
51. a4 Kc6 52. a5 Kc7 53. c5 {Black forfeits on time} 1-0

[Event "ICC tourney 2721 (40 10)"]
[Site "Internet Chess Club"]
[Date "2021.10.30"]
[Round "1"]
[White "HOSUR, SANMITA:phosur"]
[Black "CHANDI, ISHNOOR SINGH:Ishnoor"]
[Result "1/2-1/2"]
[ICCResult "Black stalemated"]
[WhiteElo "1171"]
[BlackElo "1632"]
[Opening "King's Indian: 4.e4"]
[ECO "E70"]
[NIC "KI.31"]
[Time "11:00:25"]
[PlyCount "137"]
[TimeControl "2400+10"]

1. d4 Nf6 2. c4 g6 3. Nc3 Bg7 4. e4 d6 5. Bd3 O-O 6. Nge2 e5 7. d5 a5 8. O-O
Na6 9. f3 Nc5 10. Be3 Nfd7 11. Na4 f5 12. Qc2 Nxa4 13. Qxa4 f4 14. Bf2 g5
15. Rac1 b6 16. b4 Bb7 17. c5 axb4 18. Qxb4 Nxc5 19. Bxc5 dxc5 20. Qb3 Kh8
21. Nc3 Rf6 22. Rfd1 h5 23. Be2 Bf8 24. Nb5 Bd6 25. h3 Ba6 26. Bc4 Bb7 27.
a4 Ra5 28. Nxd6 Rxd6 29. Bb5 Qe7 30. Qb2 Rd8 31. Rc3 c6 32. Be2 Rxa4 33.
Qxb6 Rb4 34. Qxc5 Qxc5+ 35. Rxc5 Rb2 36. Bc4 Rc2 37. Ra1 cxd5 38. exd5 Rd2
39. Raa5 g4 40. hxg4 hxg4 41. fxg4 Bc8 42. Ra8 e4 43. Raxc8 Rxc8 44. Rxc8+
Kg7 45. Re8 e3 46. Kf1 Rc2 47. Ba6 Ra2 48. Bb7 Rb2 49. Bc6 Rc2 50. Re4 Rf2+
51. Ke1 Kf7 52. d6 Rc2 53. Be8+ Kf8 54. Bg6 Rc1+ 55. Ke2 Rc2+ 56. Kd3 Rd2+
57. Kc4 Rxd6 58. Rxf4+ Kg7 59. Bf5 e2 60. Re4 Rd2 61. Kc3 Ra2 62. Kd3 Kf6
63. Rxe2 Ra3+ 64. Ke4 Kg5 65. Re3 Ra4+ 66. Kf3 Rf4+ 67. Kg3 Rd4 68. Re6 Rd3+
69. Bxd3 {Black stalemated} 1/2-1/2

[Event "ICC tourney 2721 (40 10)"]
[Site "Internet Chess Club"]
[Date "2021.10.30"]
[Round "2"]
[White "WAKIDA, KEN:Yamato1945"]
[Black "JING, ANDREW:andrewj508"]
[Result "1-0"]
[ICCResult "Black resigns"]
[WhiteElo "1434"]
[BlackElo "1612"]
[Opening "QGD semi-Slav"]
[ECO "D43"]
[NIC "SL.03"]
[Time "13:15:11"]
[PlyCount "85"]
[TimeControl "2400+10"]

1. d4 Nf6 2. c4 d5 3. Nc3 c6 4. Nf3 e6 5. Bg5 Be7 6. e3 Nbd7 7. Be2 h6 8.
Bh4 O-O 9. O-O Re8 10. Bg3 Bb4 11. Rc1 Nf8 12. a3 Ba5 13. b4 Bc7 14. Bxc7
Qxc7 15. cxd5 exd5 16. b5 Qd6 17. a4 Bd7 18. Ne5 Bf5 19. Bd3 Bxd3 20. Qxd3
N8d7 21. Nxd7 Qxd7 22. bxc6 bxc6 23. Ne2 Ne4 24. Ng3 Nxg3 25. hxg3 Rab8 26.
Rc5 Rb4 27. a5 Qb7 28. a6 Qd7 29. Rfc1 Rb6 30. Qa3 Re6 31. Qa2 Re8 32. Qa4
Rc8 33. R5c3 Qd6 34. Rb3 Rxb3 35. Qxb3 Rb8 36. Qa4 Rb6 37. Qa5 Qd7 38. Ra1
Qc8 39. Qa2 Qb8 40. Qc2 Qc8 41. Qa4 Qe6 42. Qa5 Qf6 43. Qxb6 {Black resigns}
1-0

[Event "ICC tourney 2721 (40 10)"]
[Site "Internet Chess Club"]
[Date "2021.10.30"]
[Round "2"]
[White "SZERENCSY, IAN:iszerencsy"]
[Black "WU, WENTAO:Threehundreds"]
[Result "1-0"]
[ICCResult "Black resigns"]
[WhiteElo "1672"]
[BlackElo "1466"]
[Opening "Giuoco Piano"]
[ECO "C54"]
[NIC "IG.02"]
[Time "13:15:35"]
[PlyCount "119"]
[TimeControl "2400+10"]

1. e4 e5 2. Nf3 Nc6 3. Bc4 Bc5 4. c3 Nf6 5. d4 exd4 6. e5 d5 7. Bb5 Ne4 8.
cxd4 Bb6 9. Nc3 Bg4 10. h3 Bh5 11. g4 Bg6 12. Qb3 Nxc3 13. bxc3 Be4 14. Ke2
a6 15. Bxc6+ bxc6 16. Ba3 Qd7 17. Rhg1 a5 18. Ng5 Bg6 19. f4 h6 20. Nf3 a4
21. Qb4 Ra5 22. f5 Bh7 23. e6 fxe6 24. Ne5 Qd6 25. Qxa5 Bxa5 26. Bxd6 cxd6
27. Nxc6 Bxc3 28. Rac1 Bb2 29. Rc2 a3 30. Na5 O-O 31. Rc6 exf5 32. Nb3 fxg4
33. Rxg4 Rb8 34. Rc7 g5 35. Rg3 Bc2 36. Rxc2 Re8+ 37. Re3 Rb8 38. Kd2 Rb4
39. Rd3 h5 40. Rg3 g4 41. hxg4 hxg4 42. Rxg4+ Kf7 43. Rg3 Bxd4 44. Rd3 Be5
45. Rxd5 Ke6 46. Ra5 Bb2 47. Kd3 Rh4 48. Re2+ Kd7 49. Rd5 Kc6 50. Rf5 Rh3+
51. Re3 Rh4 52. Rff3 Rb4 53. Kc2 Rc4+ 54. Kb1 Rh4 55. Rf1 Rc4 56. Rd1 d5 57.
Red3 d4 58. Nxd4+ Kc5 59. Nc2 Kb5 60. Rxa3 {Black resigns} 1-0

[Event "ICC tourney 2721 (40 10)"]
[Site "Internet Chess Club"]
[Date "2021.10.30"]
[Round "2"]
[White "HANKE, HARVEY:ThinkingPanda"]
[Black "WILLY, STEPHEN:stephenwilly"]
[Result "0-1"]
[ICCResult "White checkmated"]
[WhiteElo "1536"]
[BlackElo "1685"]
[Opening "KGD: classical variation"]
[ECO "C30"]
[NIC "KG.05"]
[Time "13:15:14"]
[PlyCount "52"]
[TimeControl "2400+10"]

1. e4 e5 2. f4 Bc5 3. Nf3 d6 4. Nc3 Nc6 5. Bb5 Nf6 6. Qe2 O-O 7. Bxc6 bxc6
8. d3 exf4 9. Bxf4 Re8 10. h3 Nd5 11. Nxd5 cxd5 12. O-O-O Rb8 13. Ng5 Qf6
14. Qf3 Qxb2+ 15. Kd2 dxe4 16. dxe4 Qd4+ 17. Ke2 Ba6+ 18. Rd3 Bxd3+ 19. cxd3
Rb2+ 20. Bd2 f6 21. Rf1 Reb8 22. Qg3 Rxd2+ 23. Kxd2 Rb2+ 24. Kd1 Qa4+ 25.
Ke1 Qb4+ 26. Kd1 Qd2# {White checkmated} 0-1

[Event "ICC tourney 2721 (40 10)"]
[Site "Internet Chess Club"]
[Date "2021.10.30"]
[Round "2"]
[White "GILLMAN, JONES:JonesGill"]
[Black "WU, WINSTON:K01-30022609"]
[Result "1-0"]
[ICCResult "Black checkmated"]
[WhiteElo "1483"]
[BlackElo "1336"]
[Opening "French: Schlechter variation"]
[ECO "C01"]
[NIC "FR.01"]
[Time "13:15:21"]
[PlyCount "121"]
[TimeControl "2400+10"]

1. e4 e6 2. d4 d5 3. Bd3 Nc6 4. Nf3 dxe4 5. Bxe4 Nf6 6. Bxc6+ bxc6 7. O-O
Bd6 8. Bg5 h6 9. Bh4 Be7 10. Nc3 O-O 11. Ne5 Bd7 12. Qe2 Nd5 13. Bxe7 Nxc3
14. bxc3 Qxe7 15. Qc4 Qd6 16. Rab1 f6 17. Nd3 Kh8 18. Rfe1 Rfe8 19. Re3 e5
20. Rbe1 Be6 21. Qa4 exd4 22. cxd4 Bd7 23. Nc5 Rxe3 24. Rxe3 Rb8 25. Rb3 Re8
26. Re3 Rb8 27. Nb3 Ra8 28. Qa6 Bc8 29. Re8+ Kh7 30. Rxc8 Rxc8 31. Qxc8 Qb4
32. Qf5+ Kg8 33. Qe6+ Kh7 34. g3 a5 35. Qe4+ Kg8 36. Kg2 a4 37. Nc5 Qc4 38.
Qe6+ Qxe6 39. Nxe6 Kf7 40. Nxc7 Ke7 41. Na8 Kd6 42. c4 c5 43. d5 a3 44. Nb6
Kc7 45. Na4 Kd6 46. Nc3 Ke5 47. Nb5 f5 48. Nxa3 Kd6 49. Nb5+ Kd7 50. a4 g5
51. a5 Kc8 52. a6 f4 53. d6 f3+ 54. Kxf3 g4+ 55. Kxg4 h5+ 56. Kf4 h4 57. a7
Kb7 58. d7 hxg3 59. d8=Q gxf2 60. Qc7+ Ka8 61. Qc8# {Black checkmated} 1-0

[Event "ICC tourney 2721 (40 10)"]
[Site "Internet Chess Club"]
[Date "2021.10.30"]
[Round "2"]
[White "REDDY, TANVI CHINTHAGUNTA:tcrgm"]
[Black "LIU, PATRICK PEIJUN:JunlinTheWorld"]
[Result "0-1"]
[ICCResult "White checkmated"]
[WhiteElo "1609"]
[BlackElo "1787"]
[Opening "Sicilian: accelerated fianchetto, modern variation"]
[ECO "B34"]
[NIC "SI.33"]
[Time "13:15:13"]
[PlyCount "56"]
[TimeControl "2400+10"]

1. e4 c5 2. Nf3 g6 3. d4 cxd4 4. Nxd4 Nc6 5. Nc3 Bg7 6. Be3 Nf6 7. f3 O-O 8.
Qd2 d5 9. O-O-O dxe4 10. fxe4 Ng4 11. Nxc6 Qxd2+ 12. Rxd2 bxc6 13. Nd1 Nxe3
14. Nxe3 Be6 15. a3 Rab8 16. c3 Bh6 17. Re2 Rfd8 18. Re1 Bb3 19. Ba6 Rb6 20.
Kb1 Rxa6 21. Ng4 Bg7 22. h4 Rd2 23. g3 Rb6 24. Ka1 Bxc3 25. bxc3 Ra2+ 26.
Kb1 Bc4+ 27. Kc1 Bd3 28. Kd1 Rb1# {White checkmated} 0-1

[Event "ICC tourney 2721 (40 10)"]
[Site "Internet Chess Club"]
[Date "2021.10.30"]
[Round "2"]
[White "VALE CRUZ, ARMIN:trucker"]
[Black "Green II, Eric Melvin Herbert:ChessEric"]
[Result "1-0"]
[ICCResult "Black resigns"]
[WhiteElo "1701"]
[BlackElo "1397"]
[Opening "Petrov: classical attack"]
[ECO "C42"]
[NIC "RG.05"]
[Time "13:15:21"]
[PlyCount "61"]
[TimeControl "2400+10"]

1. e4 e5 2. Nf3 Nf6 3. Nxe5 d6 4. Nf3 Nxe4 5. d4 Be7 6. Bd3 d5 7. O-O Nd7 8.
c4 Ndf6 9. cxd5 Qxd5 10. Re1 O-O 11. Qc2 Bf5 12. Nc3 Nxc3 13. Bxf5 Nxa2 14.
Rxe7 Nb4 15. Qc5 Nc6 16. Rxc7 Rfb8 17. Bg5 Qd8 18. Bxf6 gxf6 19. Rd7 Qb6 20.
Bxh7+ Kg7 21. Qh5 Rf8 22. Be4 f5 23. Qg5+ Kh8 24. Bxf5 Nb8 25. Qh4+ Kg7 26.
Qg3+ Kh8 27. Rd6 Qxd6 28. Qxd6 Re8 29. Qh6+ Kg8 30. Bh7+ Kh8 31. Bg6+
{Black resigns}
1-0

[Event "ICC tourney 2721 (40 10)"]
[Site "Internet Chess Club"]
[Date "2021.10.30"]
[Round "2"]
[White "SKARIAH, ANUSHKA ELIZABETH:kskariah"]
[Black "THAIN, JACK:jt1819"]
[Result "0-1"]
[ICCResult "White checkmated"]
[WhiteElo "1550"]
[BlackElo "1719"]
[Opening "Caro-Kann: exchange variation"]
[ECO "B13"]
[NIC "CK.02"]
[Time "13:15:12"]
[PlyCount "76"]
[TimeControl "2400+10"]

1. e4 c6 2. d4 d5 3. exd5 cxd5 4. Bd3 Nc6 5. c3 Qc7 6. Nf3 Bg4 7. O-O Nf6 8.
Be3 e6 9. Nbd2 Be7 10. Rc1 O-O 11. Qc2 Rab8 12. h3 Bxf3 13. Nxf3 b5 14. b3
Rfc8 15. Qd2 Qa5 16. Rfe1 b4 17. c4 dxc4 18. Bxc4 Ne4 19. Qd3 Qf5 20. Ba6
Rc7 21. Ne5 Nxe5 22. dxe5 Rxc1 23. Rxc1 Rd8 24. Qc2 Qxe5 25. Bd3 f5 26. Bxa7
Nc3 27. f3 Ra8 28. Qf2 Rxa7 29. Qxa7 Bc5+ 30. Qxc5 Qxc5+ 31. Kh1 Qe3 32.
Rxc3 bxc3 33. Bc4 c2 34. Bxe6+ Qxe6 35. Kh2 Qe5+ 36. Kg1 c1=Q+ 37. Kf2 Qce3+
38. Kf1 Qe1# {White checkmated} 0-1

[Event "ICC tourney 2721 (40 10)"]
[Site "Internet Chess Club"]
[Date "2021.10.30"]
[Round "2"]
[White "RAVIND G N, RICNESH:RickyCarlsen"]
[Black "MOGILEVSKI, PETE:pmogilevski"]
[Result "0-1"]
[ICCResult "White checkmated"]
[WhiteElo "1700"]
[BlackElo "1543"]
[Opening "Saragossa opening"]
[ECO "A00"]
[NIC "VO.12"]
[Time "13:15:16"]
[PlyCount "72"]
[TimeControl "2400+10"]

1. c3 d5 2. d4 c6 3. Nf3 e6 4. Bg5 Nf6 5. e3 Nbd7 6. Bd3 Be7 7. Bc2 h6 8.
Bh4 b6 9. O-O Bb7 10. Re1 c5 11. Nbd2 Nh5 12. Ne5 Bxh4 13. Qxh5 Nxe5 14.
dxe5 Qg5 15. Qe2 Qxe5 16. Qb5+ Kf8 17. Qd7 Qb8 18. e4 Qc8 19. Qd6+ Be7 20.
Qg3 Qb8 21. e5 Qe8 22. f4 g6 23. Qh3 Kg7 24. Re3 Bc6 25. Rg3 Qd8 26. f5 exf5
27. Qxf5 Bg5 28. Qd3 Qe8 29. Rf1 Qxe5 30. Rxf7+ Kxf7 31. Qxg6+ Ke7 32. Qxc6
Rac8 33. Qg6 Bxd2 34. Rf3 Qe1+ 35. Rf1 Be3+ 36. Kh1 Qxf1# {White checkmated}
0-1

[Event "ICC tourney 2721 (40 10)"]
[Site "Internet Chess Club"]
[Date "2021.10.30"]
[Round "2"]
[White "GUTIERREZ, AUGUSTO E:elytito2017"]
[Black "HOSUR, SANMITA:phosur"]
[Result "0-1"]
[ICCResult "White resigns"]
[WhiteElo "1787"]
[BlackElo "1171"]
[Opening "Sicilian: Hungarian variation"]
[ECO "B27"]
[NIC "SI.43"]
[Time "13:21:28"]
[PlyCount "56"]
[TimeControl "2400+10"]

1. e4 c5 2. Nf3 g6 3. d4 cxd4 4. Qxd4 Nf6 5. Nc3 Nc6 6. Qa4 Bg7 7. e5 Ng8 8.
Bf4 f6 9. exf6 Nxf6 10. O-O-O O-O 11. Bc4+ Kh8 12. Rhe1 d6 13. Be6 Bxe6 14.
Rxe6 Ng4 15. h3 Rxf4 16. Qxf4 Bh6 17. Qxh6 Nxh6 18. g4 Nf7 19. a3 Nfe5 20.
Ng5 Qb6 21. Nge4 Nc4 22. Na4 Qb5 23. Nec3 Qg5+ 24. Kb1 Rf8 25. Re2 b5 26.
Rd5 Qh6 27. Nxb5 Qxh3 28. Nd4 Qh1+ {White resigns} 0-1

[Event "ICC tourney 2721 (40 10)"]
[Site "Internet Chess Club"]
[Date "2021.10.30"]
[Round "2"]
[White "ACKERMAN, RYAN:RyanTime"]
[Black "XU, JOEY:JoeyXu"]
[Result "1-0"]
[ICCResult "Black checkmated"]
[WhiteElo "1744"]
[BlackElo "1391"]
[Opening "Old Indian: Ukrainian variation"]
[ECO "A53"]
[NIC "OI.04"]
[Time "13:15:36"]
[PlyCount "215"]
[TimeControl "2400+10"]

1. d4 d6 2. c4 Nf6 3. Nc3 e5 4. dxe5 dxe5 5. Qxd8+ Kxd8 6. Nf3 Bd6 7. g3 Be6
8. b3 Nc6 9. Bg2 Ke7 10. O-O Rad8 11. Bb2 Bb4 12. Nb5 e4 13. Ng5 Rd2 14.
Bxf6+ gxf6 15. Nxe4 Rxe2 16. Nxc7 Bf5 17. Nd5+ Ke6 18. Nxb4 Nxb4 19. Nc3 Re5
20. Bxb7 Rd8 21. Rfd1 Rd3 22. Nb5 Nc2 23. Rxd3 Bxd3 24. Rd1 Re1+ 25. Rxe1+
Nxe1 26. Nxa7 Nc2 27. Nb5 Nb4 28. a4 Kd7 29. a5 Bc2 30. c5 Bxb3 31. c6+ Nxc6
32. Bxc6+ Kxc6 33. Nd4+ Kd5 34. Nxb3 Kc6 35. Kf1 Kb7 36. Ke2 Ka6 37. Kd3 f5
38. Kd4 f4 39. g4 h5 40. g5 f5 41. gxf6 f3 42. Ke3 h4 43. Kxf3 h3 44. Kg3
Kb7 45. Kxh3 Kc6 46. Kg4 Kb7 47. h4 Ka6 48. Kh3 Kb5 49. Kh2 Kb4 50. Kh1 Kxb3
51. a6 Kc2 52. a7 Kd1 53. Kg1 Ke2 54. Kg2 Ke1 55. Kf3 Kf1 56. a8=Q Kg1 57.
Qa1+ Kh2 58. h5 Kh3 59. Qg1 Kh4 60. Ke2 Kxh5 61. Kd1 Kh4 62. Kc1 Kh3 63. Kb1
Kh4 64. Ka1 Kh3 65. Ka2 Kh4 66. Ka3 Kh3 67. Ka4 Kh4 68. Ka5 Kh3 69. Ka6 Kh4
70. Ka7 Kh3 71. Ka8 Kh4 72. Kb8 Kh3 73. Kc8 Kh4 74. Kd8 Kh3 75. Ke8 Kh4 76.
Kf8 Kh3 77. Kg8 Kh4 78. Kh8 Kh3 79. Kh7 Kh4 80. Kh6 Kh3 81. Qg5 Kh2 82. Kh5
Kh1 83. Qh4+ Kg2 84. Kg4 Kf1 85. Kh3 Kg1 86. Qe4 Kf1 87. Qg2+ Ke2 88. Kh2
Ke1 89. Kh1 Ke2 90. Kg1 Ke1 91. f4 Kd1 92. Qf2 Kc1 93. Qe2 Kb1 94. Qd2 Ka1
95. Kh1 Kb1 96. Kh2 Ka1 97. Kh3 Kb1 98. Kh4 Ka1 99. Kh5 Kb1 100. Kh6 Ka1
101. Kh7 Kb1 102. Kh8 Ka1 103. f7 Kb1 104. f8=Q Ka1 105. Qa3+ Kb1 106. Qae3
Ka1 107. f5 Kb1 108. Qee1# {Black checkmated} 1-0